 Dungeon Crawl Stone Soup version 0.21.0-24-g2553a33 (webtiles) character file.

284 tidbits the Grasshopper (level 6, 38/50 HPs)
             Began as a Gnoll Warper on Jan 20, 2018.
             Quit the game on level 5 of the Dungeon.
             The game lasted 00:08:32 (1126 turns).

tidbits the Grasshopper (Gnoll Warper)              Turns: 1126, Time: 00:08:33

Health: 38/50      AC:  5    Str: 13    XL:     6   Next: 29%
Magic:  14/14      EV: 15    Int: 17    God:
Gold:   165        SH:  0    Dex: 15    Spells: 11/15 levels left

rFire    . . .     SeeInvis .   s - +3 dagger
rCold    + . .     Gourm    .   (no shield)
rNeg     + . .     Faith    .   B - +2 robe {rC+}
rPois    .         Spirit   .   E - +0 helmet
rElec    .         Reflect  .   (no cloak)
rCorr    .         Harm     .   (no gloves)
MR       .....                  (no boots)
Stlth    ++........             (no amulet)
HPRegen  0.16/turn              h - ring of positive energy
MPRegen  0.14/turn              (no ring)

@: no status effects
A: distributed training, fangs 1, strong nose
a: no special abilities


You were on level 5 of the Dungeon.
You were not hungry.

You visited 1 branch of the dungeon, and saw 6 of its levels.

You collected 165 gold pieces.

Inventory:

Hand Weapons
 a - a +1 dagger of venom
   (You found it on level 5 of the Dungeon)
 b - a +0 dagger
 r - a +0 short sword
 s - a +3 dagger (weapon)
Missiles
 e - 5 tomahawks of dispersal (quivered) {!f}
 l - 3 needles of confusion
 o - 38 arrows
Armour
 g - a +0 buckler
 m - a +0 leather armour
 B - a +2 robe of cold resistance (worn)
   (You found it on level 1 of the Dungeon)
 E - a +0 helmet (worn)
Jewellery
 h - a ring of positive energy (left hand)
   (You found it on level 3 of the Dungeon)
Wands
 q - a wand of iceblast (6)
Scrolls
 d - a scroll of blinking
 j - a scroll of amnesia
 k - a scroll of enchant armour
Potions
 i - a potion of curing
 n - 2 potions of agility
 p - a potion of flight
Books
 f - a book of Spatial Translocations

   Spells                             Type                      Level
   a - Blink                          Translocation                2
   b - Shroud of Golubria             Charms/Translocation         2
   c - Lesser Beckoning               Translocation                3
   d - Gell's Gravitas                Translocation                3
   e - Teleport Other                 Translocation                3
   f - Passage of Golubria            Translocation                4
Comestibles
 c - 3 rations


   Skills:
 + Level 4.9 Fighting
 + Level 4.9 Short Blades
 + Level 1.8 Long Blades
 + Level 1.8 Axes
 + Level 1.8 Maces & Flails
 + Level 1.8 Polearms
 + Level 1.8 Staves
 + Level 1.8 Slings
 + Level 1.8 Bows
 + Level 1.8 Crossbows
 + Level 3.2 Throwing
 + Level 3.2 Armour
 + Level 4.9 Dodging
 + Level 1.8 Stealth
 + Level 1.8 Shields
 + Level 1.8 Unarmed Combat
 + Level 5.3 Spellcasting
 + Level 1.4 Conjurations
 + Level 1.4 Hexes
 + Level 1.4 Charms
 + Level 1.4 Summonings
 + Level 1.4 Necromancy
 + Level 5.6 Translocations
 + Level 1.4 Transmutations
 + Level 1.4 Fire Magic
 + Level 1.4 Ice Magic
 + Level 1.4 Air Magic
 + Level 1.4 Earth Magic
 + Level 1.4 Poison Magic
 + Level 2.0 Invocations
 + Level 1.8 Evocations


You had 11 spell levels left.
You knew the following spells:

 Your Spells              Type           Power        Failure   Level  Hunger
b - Blink                 Tloc           N/A          1%          2    #......
g - Shroud of Golubria    Chrm/Tloc      ###.......   4%          2    #......


Dungeon Overview and Level Annotations

Branches:
Dungeon (6/15)             Temple (0/1) D:4

Altars:
Ashenzari
The Shining One

Annotations:
D:3 Ijyb


Innate Abilities, Weirdness & Mutations

Your experience applies equally to all skills.
You have very sharp teeth.
Your uncanny sense of smell can sniff out nearby items.


Message History

The crimson imp misses you.
You barely miss the crimson imp.
The crimson imp is moderately wounded.
You hit the crimson imp but do no damage.
You bite the crimson imp, but do no damage.
The crimson imp is moderately wounded.
The crimson imp laughs crazily.
The crimson imp hits you.
You barely miss the crimson imp. Your bite misses the crimson imp.
The crimson imp is moderately wounded.
The crimson imp shouts, "Take thy face hence, thou pribbling folly-fallen apple-john!"
The crimson imp hits you but does no damage.
You barely miss the crimson imp.
The crimson imp is moderately wounded.
The crimson imp misses you.
You hit the crimson imp.
The crimson imp is moderately wounded.
The crimson imp completely misses you.
You closely miss the crimson imp.
The crimson imp is moderately wounded.
You hit the crimson imp.
The crimson imp is moderately wounded.
The crimson imp hits you.
You hit the crimson imp.
The crimson imp is heavily wounded.
The crimson imp misses you.
You hit the crimson imp.
The crimson imp is heavily wounded.
The crimson imp hits you.
You barely miss the crimson imp.
The crimson imp is heavily wounded.
You hit the crimson imp.
The crimson imp is severely wounded.
The crimson imp blinks!
The crimson imp misses you.
You miss the crimson imp.
You bite the crimson imp, but do no damage.
The crimson imp is heavily wounded.
The crimson imp barely misses you.
You miss the crimson imp.
The crimson imp is heavily wounded.
The crimson imp misses you.
You hit the crimson imp but do no damage.
The crimson imp is moderately wounded.
The crimson imp closely misses you.
You hit the crimson imp but do no damage.
The crimson imp is moderately wounded.
You miss the crimson imp. Your bite misses the crimson imp.
The crimson imp is moderately wounded.
The crimson imp closely misses you.
You barely miss the crimson imp.
The crimson imp is moderately wounded.
The crimson imp closely misses you.
You hit the crimson imp.
The crimson imp is heavily wounded.
The crimson imp barely misses you.
You barely miss the crimson imp.
The crimson imp is heavily wounded.
You miss the crimson imp. Your bite misses the crimson imp.
The crimson imp is heavily wounded.
The crimson imp hits you.
You hit the crimson imp.
You bite the crimson imp, but do no damage.
The crimson imp is heavily wounded.
The crimson imp barely misses you.
You hit the crimson imp but do no damage.
The crimson imp is heavily wounded.
The crimson imp blinks!
You closely miss the crimson imp.
The crimson imp is moderately wounded.
You hit the crimson imp. Your bite misses the crimson imp.
The crimson imp is heavily wounded.
The crimson imp hits you.
You closely miss the crimson imp.
The crimson imp is heavily wounded.
The crimson imp barely misses you.
You hit the crimson imp.
The crimson imp is severely wounded.
The crimson imp misses you.
You closely miss the crimson imp. Your bite misses the crimson imp.
The crimson imp is heavily wounded.
The crimson imp closely misses you.
You hit the crimson imp but do no damage.
The crimson imp is heavily wounded.
You closely miss the crimson imp.
The crimson imp is heavily wounded.
The crimson imp misses you.
You barely miss the crimson imp.
The crimson imp is heavily wounded.
The crimson imp hits you.
You closely miss the crimson imp. Your bite misses the crimson imp.
The crimson imp is moderately wounded.
You hit the crimson imp.
You bite the crimson imp, but do no damage.
The crimson imp is heavily wounded.
The crimson imp closely misses you.
You hit the crimson imp.
The crimson imp is severely wounded.
The crimson imp blinks!
Are you sure you want to abandon this character and quit the game? (Confirm with "yes".)

......# .#....#
.#....#∆ .#....#
.'....############
.#...............#
.#...............#
.#######.........#
.......#....5...@#
#......#.........#
+......#######...#
#............#####
#............#...#
#######......#...#
....Z.'......#...#
##....#......#'####
##....######......#


You could see a crimson imp.

Vanquished Creatures
  A hungry ghost (D:3)
  Natasha (D:3)
  2 iguanas
  Robin (D:3)
  An adder (D:2)
  An adder zombie (D:5)
  A worm (D:3)
  A dart slug (D:1)
  A leopard gecko (D:5)
  6 orcs
  A giant cockroach (D:1)
  12 goblins
  6 hobgoblins
  2 jackals (D:1)
  A quokka (D:2)
  A ball python (D:5)
  3 bats
  A frilled lizard (D:4)
  6 kobolds
  3 rats (D:1)
52 creatures vanquished.

Vanquished Creatures (others)
  4 toadstools (D:1)
4 creatures vanquished.

Grand Total: 56 creatures vanquished

Notes
Turn   | Place    | Note
-------+----------+-------------------------------------------
     0 | D:1      | tidbits the Gnoll Warper began the quest for the Orb.
     0 | D:1      | Reached XP level 1. HP: 20/20 MP: 6/6
    23 | D:1      | Reached XP level 2. HP: 25/26 MP: 7/7
    31 | D:1      | Learned a level 2 spell: Shroud of Golubria
    34 | D:1      | Learned a level 2 spell: Blink
   171 | D:1      | Found a glowing golden altar of the Shining One.
   211 | D:2      | Reached XP level 3. HP: 24/31 MP: 9/9
   240 | D:2      | HP: 3/31 [quokka (3)]
   244 | D:2      | HP: 1/31 [quokka (2)]
   246 | D:2      | Reached skill level 5 in Spellcasting
   416 | D:3      | Noticed Robin
   449 | D:3      | Killed Robin
   449 | D:3      | Reached skill level 1 in Invocations
   514 | D:3      | Noticed Natasha
   531 | D:3      | Killed Natasha
   531 | D:3      | Reached skill level 1 in Long Blades
   531 | D:3      | Reached skill level 1 in Axes
   531 | D:3      | Reached skill level 1 in Maces & Flails
   531 | D:3      | Reached skill level 1 in Polearms
   531 | D:3      | Reached skill level 1 in Staves
   531 | D:3      | Reached skill level 1 in Slings
   531 | D:3      | Reached skill level 1 in Bows
   531 | D:3      | Reached skill level 1 in Crossbows
   531 | D:3      | Reached skill level 1 in Stealth
   531 | D:3      | Reached skill level 1 in Shields
   531 | D:3      | Reached skill level 1 in Unarmed Combat
   531 | D:3      | Reached skill level 1 in Evocations
   531 | D:3      | Reached XP level 4. HP: 20/38 MP: 11/11
   690 | D:3      | Noticed a hungry ghost
   720 | D:3      | Killed a hungry ghost
   720 | D:3      | Reached skill level 3 in Throwing
   720 | D:3      | Reached skill level 3 in Armour
   720 | D:3      | Reached skill level 1 in Conjurations
   720 | D:3      | Reached skill level 1 in Hexes
   720 | D:3      | Reached skill level 1 in Charms
   720 | D:3      | Reached skill level 1 in Summonings
   720 | D:3      | Reached skill level 1 in Necromancy
   720 | D:3      | Reached skill level 1 in Transmutations
   720 | D:3      | Reached skill level 1 in Fire Magic
   720 | D:3      | Reached skill level 1 in Ice Magic
   720 | D:3      | Reached skill level 1 in Air Magic
   720 | D:3      | Reached skill level 1 in Earth Magic
   720 | D:3      | Reached skill level 1 in Poison Magic
   720 | D:3      | Reached XP level 5. HP: 30/43 MP: 12/12
   765 | D:2      | Found a shattered altar of Ashenzari.
   795 | D:3      | Noticed Ijyb
   936 | D:4      | Found a staircase to the Ecumenical Temple.
   944 | D:5      | Entered Level 5 of the Dungeon
   954 | D:6      | Reached skill level 2 in Invocations
   954 | D:6      | Reached XP level 6. HP: 50/50 MP: 13/13
  1126 | D:5      | Quit the game

Skill      XL: |  1  2  3  4  5 |
---------------+----------------+-----
Spellcasting   | 5 |  5.3
Invocations    | 1 2 |  2.0
Long Blades    | 1 |  1.8
Axes           | 1 |  1.8
Maces & Flails | 1 |  1.8
Polearms       | 1 |  1.8
Staves         | 1 |  1.8
Slings         | 1 |  1.8
Bows           | 1 |  1.8
Crossbows      | 1 |  1.8
Stealth        | 1 |  1.8
Shields        | 1 |  1.8
Unarmed Combat | 1 |  1.8
Evocations     | 1 |  1.8
Throwing       | 3 |  3.2
Armour         | 3 |  3.2
Conjurations   | 1 |  1.4
Hexes          | 1 |  1.4
Charms         | 1 |  1.4
Summonings     | 1 |  1.4
Necromancy     | 1 |  1.4
Transmutations | 1 |  1.4
Fire Magic     | 1 |  1.4
Ice Magic      | 1 |  1.4
Air Magic      | 1 |  1.4
Earth Magic    | 1 |  1.4
Poison Magic   | 1 |  1.4
Fighting       | |  4.9
Short Blades   | |  4.9
Dodging        | |  4.9
Translocations | |  5.6

Action                   |  1- 3 |  4- 6 || total
-------------------------+-------+-------++-------
Melee: Short sword       |    79 |       ||    79
       Bite              |     7 |    14 ||    21
       Dagger            |    29 |   128 ||   157
       Punch             |       |     2 ||     2
Evoke: Wand              |       |     1 ||     1
  Use: Scroll            |     4 |     1 ||     5
       Potion            |     4 |       ||     4
 Stab: Sleeping          |       |     3 ||     3
  Eat: Chunk             |       |     3 ||     3
Armor: Leather armour    |     5 |       ||     5
       Robe              |     9 |    14 ||    23
       Skin              |    10 |       ||    10
Dodge: Dodged            |    55 |    62 ||   117

Table legend:
 A = Turns spent in this place as a percentage of turns spent in the entire game.
 B = Non-inter-level travel turns spent in this place as a percentage of non-inter-level travel turns spent in the entire game.
 C = Inter-level travel turns spent in this place as a percentage of turns spent in this place.
 D = Turns resting spent in this place as a percentage of non-inter-level travel turns spent in this place.
 E = Turns spent auto-exploring this place as a percentage of non-inter-level travel turns spent in this place.
 F = Non-inter-level travel turns spent in this place divided by the number of levels of this place that you've seen.
                   A       B       C       D       E      F
               +-------+-------+-------+-------+-------+----------------------
         Total | 100.0 | 100.0 |   1.6 |   0.0 |   0.0 | 184.7
       Dungeon | 100.0 | 100.0 |   1.6 |   0.0 |   0.0 | 184.7
               +-------+-------+-------+-------+-------+----------------------

Table legend:
 A = Kills in this place as a percentage of kills in entire the game.
 B = Kills by you in this place as a percentage of kills by you in the entire game.
 C = Kills by friends in this place as a percentage of kills by friends in the entire game.
 D = Other kills in this place as a percentage of other kills in the entire game.
 E = Experience gained in this place as a percentage of experience gained in the entire game.
 F = Experience gained in this place divided by the number of levels of this place that you have seen.
                   A       B       C       D       E      F
               +-------+-------+-------+-------+-------+----------------------
         Total | 100.0 | 100.0 |   N/A |   N/A | 100.0 |  67.8
       Dungeon | 100.0 | 100.0 |   N/A |   N/A | 100.0 |  67.8
               +-------+-------+-------+-------+-------+----------------------

Vault maps used:
D:1:      ldierk_walled_garden_2, tso_altar
D:2:      lemuel_upstairs_altar, first_ration
D:3:      cheibrodos_greedy_goblins, uniq_ijyb, uniq_natasha, uniq_robin
D:4:      minmay_temple_entry_from_below_a, enter_ossuary_1, uniq_sigmund
D:5:      cheibrodos_worm_habitat
D:6:      gammafunk_temple_overflow_elements, cheibrodos_sewer_entry_sluice,
          kennysheep_generic_room_14, uniq_duvessa
